Map: Ulrena

Players

LilDicky - Winner!

  • Race: Terran Terran
  • League: Platinum

ColdButKind

  • Race: Terran Terran
  • League: Gold

VOD

http://www.twitch.tv/tumescentpie

Description

Time

  • Played on: Nov. 20, 2015, 8:39 a.m.
  • Length: 7:31
Show
View Real Time Build Order
Export as new Build Order

LilDicky Terran - Winner!

Build Orders: Banshee Rush 

Get SALT Encoding   

  12  0:01  SCV  
  13  0:13  SCV  
  14  0:25  SCV  
  14  0:26  Supply Depot  
  15  0:37  Refinery  
  15  0:48  SCV  
  16  0:50  Barracks  
  16  1:00  SCV  
  17  1:12  SCV  
  18  1:24  SCV  
  19  1:37  Orbital Command  
  19  1:38  Reaper  
  20  1:40  Supply Depot  
  20  1:44  Refinery  
  20  2:03  SCV  
  20  2:06  Factory  
  21  2:15  SCV  
  22  2:24  Supply Depot  
  22  2:27  SCV  
  23  2:39  SCV  
  24  2:49  Factory Tech Lab  
  24  2:50  Marine  
  25  2:51  SCV, Starport  
  26  2:58  Supply Depot  
  26  3:03  SCV  
  27  3:34  Banshee, Cloaking Field  
  27  3:35  Supply Depot  
  27  3:36  Factory Tech Lab  
  27  3:40  Marine  
  27  3:41  SCV  
  32  3:42  Command Center  
  32  3:53  SCV  
  33  3:58  Supply Depot  
  33  4:05  SCV  
  34  4:23  Siege Tank  
  39  4:25  Medivac  
  39  4:26  SCV  
  39  4:29  Marine  
  40  4:34  Barracks x2  
  40  4:48  SCV  
  40  4:50  Marine  
  42  4:56  Supply Depot, Siege Tank  
  45  5:02  Medivac  
  44  5:47  SCV  
  45  5:54  Siege Tank  
  45  5:55  Banshee  
  48  6:06  Orbital Command  
  48  6:09  Barracks Tech Lab x2  
  48  6:11  SCV  
  48  6:12  Command Center  
  48  6:13  Command Center  
  49  6:26  Siege Tank  
  52  6:58  Siege Tank  
  55  7:18  SCV  
Show
View Real Time Build Order
Export as new Build Order

ColdButKind Terran 

Build Orders: MMM Bio 

Get SALT Encoding   

  12  0:00  SCV  
  13  0:13  SCV  
  14  0:20  Supply Depot  
  14  0:25  SCV  
  15  0:41  SCV, Refinery  
  16  0:44  Barracks  
  16  0:54  SCV  
  17  1:06  SCV  
  18  1:12  Barracks  
  18  1:18  SCV  
  19  1:31  Barracks Reactor  
  20  1:34  Orbital Command  
  19  2:03  SCV  
  19  2:05  Barracks Tech Lab  
  20  2:14  Marine x2  
  20  2:15  SCV  
  22  2:20  Command Center  
  22  2:27  SCV  
  23  2:32  Supply Depot  
  23  2:49  Stimpack  
  23  2:53  SCV, Marauder, Marine  
  23  2:55  Supply Depot  
  27  3:01  Engineering Bay  
  27  3:02  Marine  
  27  3:05  SCV  
  29  3:11  Marine  
  30  3:17  Marauder  
  32  3:20  Marine  
  32  3:37  Terran Infantry Weapons Level 1  
  32  3:41  Missile Turret  
  32  3:42  Marauder, Refinery, Marine x2  
  36  3:50  Missile Turret  
  36  3:57  SCV  
  38  4:24  SCV  
  38  4:27  Marauder, Marine x2  
  38  4:31  Factory  
  42  4:33  Orbital Command  
  42  4:36  SCV  
  40  4:48  SCV  
  40  4:49  Combat Shields  
  39  4:55  Marauder, Marine x2  
  40  5:11  SCV x2  
  42  5:16  Starport  
  42  5:23  SCV  
  42  5:24  SCV  
  42  5:36  SCV x2  
  35  5:52  Marine  
  35  5:53  Marauder, Marine  
  28  6:10  Marine x2  
  28  6:14  Marauder  
  28  6:26  Barracks  
  28  6:28  Marine x2  
  28  6:35  Marine  
  28  6:46  Marine x2  
  30  6:53  Marauder  
  27  7:04  Marine x2  
  27  7:05  SCV  
  30  7:17  SCV  
Tags
 
Add a new tag
Caveats
  • Supply blocks, unpowered buildings, or Contaminate may cause inaccurate times.
  • Supply counts are checked every 10 seconds.